 Dungeon Crawl Stone Soup version 0.29.1-15-g9cfb28693d (webtiles) character file.

Game seed: 13370962652126734406

31 Heoruswealwe the Caller (level 3, -10/19 HPs)
             Began as a Deep Elf Summoner on Feb 21, 2023.
             Mangled by a worm (11 damage)
             ... on level 2 of the Dungeon.
             The game lasted 00:12:03 (1368 turns).

Heoruswealwe the Caller (Deep Elf Summoner)         Turns: 1368, Time: 00:12:04

Health: -10/19     AC:  2    Str:  5    XL:     3   Next: 7%
Magic:  9/9        EV: 13    Int: 21    God:
Gold:   71         SH:  0    Dex: 15    Spells: 7/8 levels left

rFire   . . .      SeeInvis .   p - +0 short sword
rCold   . . .      Faith    .   (no shield)
rNeg    . . .      Spirit   .   a - +0 robe
rPois   .          Reflect  .   (no helmet)
rElec   .          Harm     .   (no cloak)
rCorr   .          Rampage  .   (no gloves)
Will    .....                   (no boots)
Stlth   ++........              (no amulet)
HPRegen 0.06/turn               (no ring)
MPRegen 0.11/turn               (no ring)

@: no status effects
A: no striking features
a: no special abilities


You were on level 2 of the Dungeon.
You visited 1 branch of the dungeon, and saw 2 of its levels.

You collected 71 gold pieces.

Inventory:

Hand Weapons
 d - a +0 club
 e - a +0 dagger
 g - a +0 club
 i - a +0 club
 j - a +0 dagger
 k - a +0 dagger
 l - a +0 club
 m - a +0 dagger
 n - a +0 whip
 p - a +0 short sword (weapon)
 s - a +0 club
 t - a +0 whip
 v - a +0 short sword
Missiles
 q - 4 poisoned darts
 r - 9 stones
Armour
 a - a +0 robe (worn)
 h - a +0 leather armour
 o - a +0 ring mail
 u - a +0 ring mail
Wands
 f - a wand of paralysis (7)
Potions
 b - a potion of magic
 c - 2 potions of attraction


   Skills:
 + Level 3.5 Dodging
 + Level 3.7 Stealth
 - Level 3.0 Spellcasting
 - Level 4.3 Summonings


You had 7 spell levels left.
You knew the following spells:

 Your Spells              Type           Power      Damage    Failure   Level
a - Summon Small Mammal   Summ           84%        N/A       2%          1

Your spell library contained the following spells:

 Spells                   Type           Power      Damage    Failure   Level
 Call Imp                 Summ           21%        N/A       3%          2
 Call Canine Familiar     Summ           21%        N/A       7%          3
 Summon Guardian Golem    Hex/Summ       12%        N/A       16%         3
 Summon Lightning Spire   Summ/Air       12%        N/A       47%         4


Dungeon Overview and Level Annotations

Branches:
Dungeon (2/15)

Altars:
Ashenzari


Message History

The plant is lightly damaged.
Your unstable footing causes you to fumble your attack.
Your unstable footing causes you to fumble your attack.
Your unstable footing causes you to fumble your attack.
You hit the plant.
The plant is lightly damaged.
A nearby plant withers and dies.
Found 6 gold pieces.
You now have 71 gold pieces (gained 6).
An endoplasm comes into view.
Found a short sword.
The endoplasm quivers.
You hit the endoplasm.
The endoplasm is severely wounded.
The endoplasm freezes you.
You are frozen.
You hit the endoplasm.
You kill the endoplasm!
A worm comes into view.
A giant cockroach comes into view.
An endoplasm comes into view.
You barely miss the worm. The worm bites you.
You completely miss the worm. You hit the worm.
The worm is lightly wounded.
The worm bites you. The giant cockroach closely misses you.
You hit the worm.
The worm is moderately wounded.
The giant cockroach bites you but does no damage.
The worm bites you.
* * * LOW HITPOINT WARNING * * *
You hit the worm.
The worm is heavily wounded.
The endoplasm quivers.
The giant cockroach barely misses you. x2
You hit the worm but do no damage.
The worm is heavily wounded.
The worm bites you!
Ouch! That really hurt!
You die...

.#<....#
#.....# ...
.#.###.#
#.###.# ....
.#.#
#...#.##...#
.#.#
###......#
.#.# ##.##..#
.#.# #.#...#
##..
#####....####
...
#............
#.#.B@..####.
#.#w.......
#.#)######.
....J ## ##.
.. .. ...


You could see a worm, an endoplasm and a giant cockroach.

Vanquished Creatures
  A dart slug (D:1)
  2 bats (D:1)
  An endoplasm (D:2)
  2 giant cockroaches (D:1)
  A goblin (D:1)
  2 hobgoblins (D:1)
  A ball python (D:1)
  5 kobolds
15 creatures vanquished.

Vanquished Creatures (collateral kills)
  A dart slug (D:1)
  A bat (D:1)
  2 endoplasms (D:1)
  2 ball pythons
  A frilled lizard (D:1)
  2 goblins (D:1)
9 creatures vanquished.

Vanquished Creatures (others)
  4 plants (D:2)
4 creatures vanquished.

Grand Total: 28 creatures vanquished

Notes
Turn   | Place    | Note
-------+----------+-------------------------------------------
     0 | D:1      | Heoruswealwe the Deep Elf Summoner began the quest for the
                  | Orb.
     0 | D:1      | Reached XP level 1. HP: 10/10 MP: 6/6
   324 | D:1      | Found a faded altar of an unknown god.
   332 | D:1      | Prayed at the altar of an unknown god.
   332 | D:1      | Became a worshipper of Ashenzari the Shackled
   334 | D:1      | Fell from the grace of Ashenzari
   371 | D:1      | Reached XP level 2. HP: 15/15 MP: 5/8
  1050 | D:1      | Was forgiven by Ashenzari
  1235 | D:2      | Reached XP level 3. HP: 19/19 MP: 6/9
  1368 | D:2      | Mangled by a worm

Illustrated notes

Levels and vault maps discovered:
D:1:      shiori_arrival_whats_in_store_for_you, layout_basic,
          shapermc_ecumenical_altar_totnotflames
D:2:      layout_basic, grunt_ministairs_12, serial_bayou_pond_d,
          minmay_crystal_water

Skill      XL: |  1 |
---------------+----+-----
Stealth        | 3 |  3.7
Dodging        | 3 |  3.5
Spellcasting   | |  3.0
Summonings     | |  4.3

Action                   || total
-------------------------++-------
Melee: Dagger            ||    38
       Short sword       ||    34
       Punch             ||     1
 Cast: Summon Small Mamm ||    31
Invok: Renounce Religion ||     1
  Use: Scroll            ||     4
 Stab: Sleeping          ||     2
       Distracted        ||     1
Armor: Robe              ||    11
Dodge: Dodged            ||    34
